[Event "Rated Blitz game"]
[Site "?"]
[Date "2021.08.23"]
[Round "?"]
[White "Cranmobbed"]
[Black "germansanch"]
[Result "0-1"]
[ECO "C42"]
[WhiteElo "2408"]
[BlackElo "2380"]
[PlyCount "70"]
[EventDate "2021.??.??"]
[EventType "blitz"]
[TimeControl "180"]

1. e4 e5 2. Nf3 Nf6 3. Nxe5 d6 4. Nxf7 Kxf7 5. d4 c5 6. Bc4+ d5 7. exd5 b5 8.
Bxb5 Qxd5 9. Na3 Qxg2 10. Bc4+ Be6 11. Bxe6+ Kxe6 12. Rf1 cxd4 13. Qxd4 Bxa3
14. bxa3 Qe4+ 15. Qxe4+ Nxe4 16. Bb2 Nc6 17. f3 Nf6 18. O-O-O Rad8 19. Rde1+
Kf5 20. Rg1 g5 21. h4 h6 22. hxg5 hxg5 23. Rg2 Nd4 24. Rf2 Rhe8 25. Rd1 Ne6 26.
Rg1 Nf4 27. Kb1 Re2 28. Rff1 Rdd2 29. Rc1 N6d5 30. Rh1 Nd3 31. Rh8 Nxc1 32.
Rf8+ Kg6 33. Bxc1 Rxc2 34. Rg8+ Kf7 35. Rxg5 Nc3+ {Normal} 0-1

[Event "Rated Blitz game"]
[Site "?"]
[Date "2021.08.23"]
[Round "?"]
[White "Salvaged_Dirt"]
[Black "tamik"]
[Result "1-0"]
[ECO "C42"]
[WhiteElo "2486"]
[BlackElo "2579"]
[PlyCount "59"]
[EventDate "2021.??.??"]
[EventType "blitz"]
[TimeControl "180"]

1. e4 e5 2. Nf3 Nf6 3. Nxe5 d6 4. Nxf7 Kxf7 5. d4 Be7 6. Nc3 Re8 7. Bc4+ Kf8 8.
O-O c6 9. Bb3 Bg4 10. f3 Bh5 11. Ne2 a5 12. c3 Bf7 13. a4 Na6 14. Nf4 Qd7 15.
Bxf7 Kxf7 16. Qb3+ d5 17. e5 Bd8 18. exf6 Bxf6 19. Bd2 Bg5 20. Rae1 Bxf4 21.
Bxf4 h6 22. Re5 Rxe5 23. Bxe5 Re8 24. f4 Re7 25. f5 c5 26. f6 gxf6 27. Rxf6+
Ke8 28. Rd6 c4 29. Qb6 Qc7 30. Qb5+ {Normal} 1-0

[Event "Rated Blitz game"]
[Site "?"]
[Date "2021.08.23"]
[Round "?"]
[White "NguyenDucHoa"]
[Black "Parwis"]
[Result "0-1"]
[ECO "C42"]
[WhiteElo "2632"]
[BlackElo "2607"]
[PlyCount "134"]
[EventDate "2021.??.??"]
[EventType "blitz"]
[TimeControl "180"]

1. e4 e5 2. Nf3 Nf6 3. Nxe5 d6 4. Nxf7 Kxf7 5. Bc4+ d5 6. exd5 Bd6 7. O-O Re8
8. Nc3 Bg4 9. f3 Bf5 10. d3 Kg8 11. Ne4 Nbd7 12. Bg5 a5 13. a4 Qe7 14. Re1 Qf7
15. c3 Qh5 16. Nxd6 cxd6 17. Bf4 Rxe1+ 18. Qxe1 Qg6 19. Rd1 Re8 20. Qf2 Nh5 21.
Bc1 Nhf6 22. Bf4 Ne5 23. Bb5 Nxd3 24. Bxe8 Nxf2 25. Bxg6 Nxd1 26. Bxf5 Nxb2 27.
Bxd6 Nxa4 28. Be6+ Kh8 29. Be5 Nc5 30. Bf7 Nfd7 31. Bd4 Nb3 32. Be3 a4 33. d6
Nbc5 34. Kf2 a3 35. Bd4 b6 36. Ba2 h5 37. Ke3 Kh7 38. g4 Kg6 39. h4 hxg4 40.
fxg4 Kh6 41. Kf4 Kg6 42. Bb1+ Kh6 43. Kg3 g5 44. h5 Ne6 45. Ba2 Nxd4 46. cxd4
Kg7 47. Kf3 Kf6 48. Ke4 Nb8 49. Kd5 Kf7 50. Ke5+ Ke8 51. h6 Kd8 52. h7 Nd7+ 53.
Kf5 Kc8 54. h8=Q+ Kb7 55. Qg7 Kc6 56. Qe7 b5 57. Qe4+ Kb6 58. Qe6 Nc5 59. Qd5
Nb7 60. d7 Ka7 61. Qe6 Nd8 62. Qc6 Nxc6 63. d5 Nd8 64. Kf6 Kb6 65. Ke7 Ka5 66.
Ke8 Kb6 67. Kxd8 Ka5 {Time forfeit} 0-1

[Event "Rated Blitz game"]
[Site "?"]
[Date "2021.08.22"]
[Round "?"]
[White "RatzFatzWeg"]
[Black "Bor-Gosh"]
[Result "0-1"]
[ECO "C42"]
[WhiteElo "2570"]
[BlackElo "2518"]
[PlyCount "38"]
[EventDate "2021.??.??"]
[EventType "blitz"]
[TimeControl "180+2"]

1. e4 e5 2. Nf3 Nf6 3. Nxe5 d6 4. Nxf7 Kxf7 5. Nc3 c5 6. d4 cxd4 7. Qxd4 Nc6 8.
Bc4+ Be6 9. Bxe6+ Kxe6 10. Qc4+ Kd7 11. Bf4 Qa5 12. O-O-O Rd8 13. Kb1 Kc7 14.
e5 dxe5 15. Rxd8 Kxd8 16. Rd1+ Kc7 17. Nb5+ Kb8 18. Bd2 Bb4 19. c3 a6 {Normal}
0-1

[Event "Rated Blitz tournament Lnpav5Fy"]
[Site "?"]
[Date "2021.08.22"]
[Round "?"]
[White "Donkey006"]
[Black "YaYestGrut"]
[Result "0-1"]
[ECO "C42"]
[WhiteElo "2575"]
[BlackElo "2502"]
[PlyCount "58"]
[EventDate "2021.??.??"]
[EventType "blitz"]
[TimeControl "180"]

1. e4 e5 2. Nf3 Nf6 3. Nxe5 d6 4. Nxf7 Kxf7 5. Bc4+ d5 6. exd5 Bd6 7. O-O Rf8
8. Nc3 Kg8 9. h3 Kh8 10. Bb3 Nbd7 11. d4 a5 12. a4 Nb6 13. Bg5 Bf5 14. Ne2 Qd7
15. Qd2 Bxh3 16. gxh3 Qxh3 17. f4 Qg4+ 18. Kh1 Ne4 19. Qd3 Qxe2 20. Qxe2 Ng3+
21. Kg2 Nxe2 22. Rad1 h6 23. Rd2 Nxf4+ 24. Bxf4 Rxf4 25. Re1 Raf8 26. c3 R4f5
27. Rde2 Nxd5 28. Bxd5 Rxd5 29. Re8 Rdf5 {Normal} 0-1

[Event "Rated Blitz game"]
[Site "?"]
[Date "2021.08.22"]
[Round "?"]
[White "SigurdurDadi"]
[Black "Wernad"]
[Result "1-0"]
[ECO "C42"]
[WhiteElo "2418"]
[BlackElo "2350"]
[PlyCount "39"]
[EventDate "2021.??.??"]
[EventType "blitz"]
[TimeControl "180+2"]

1. e4 e5 2. Nf3 Nf6 3. Nxe5 d6 4. Nxf7 Kxf7 5. d4 g6 6. Nc3 Bg7 7. Bc4+ Be6 8.
Bxe6+ Kxe6 9. f4 Re8 10. e5 dxe5 11. fxe5 Nd5 12. O-O Nxc3 13. Qg4+ Kd5 14.
bxc3 Kc6 15. Rf7 Bf8 16. Qf3+ Kb6 17. Rb1+ Ka5 18. Qxb7 c6 19. Qxa8 Qd5 20.
Rxa7+ {Normal} 1-0

[Event "Rated Blitz game"]
[Site "?"]
[Date "2021.08.22"]
[Round "?"]
[White "Electracy"]
[Black "irfan69"]
[Result "1-0"]
[ECO "C42"]
[WhiteElo "2408"]
[BlackElo "2440"]
[PlyCount "91"]
[EventDate "2021.??.??"]
[EventType "blitz"]
[TimeControl "300"]

1. e4 e5 2. Nf3 Nf6 3. Nxe5 d6 4. Nxf7 Kxf7 5. Nc3 Be6 6. d4 Kg8 7. Bd3 c5 8.
d5 Bf7 9. O-O h5 10. f4 c4 11. Bxc4 Qb6+ 12. Kh1 Nbd7 13. Qe2 Ng4 14. h3 Rc8
15. Bd3 Ndf6 16. e5 Rxc3 17. exf6 Rxd3 18. cxd3 gxf6 19. Bd2 f5 20. Bc3 Rh6 21.
Rae1 Bxd5 22. Qe8 Bf7 23. Qc8 Nf2+ 24. Kh2 Nxd3 25. Re7 Qc6 26. Qxb7 Bd5 27.
Qxc6 Bxc6 28. Rxa7 Rg6 29. g3 h4 30. Rg1 Bh6 31. Bd2 Ne5 32. fxe5 Bxd2 33. Ra3
hxg3+ 34. Raxg3 Bf4 35. h4 Rxg3 36. Rxg3+ Kf7 37. Kh3 Bxg3 38. Kxg3 dxe5 39. h5
f4+ 40. Kf2 Kf6 41. a4 Kg5 42. a5 Kxh5 43. b4 e4 44. a6 e3+ 45. Ke1 Bb5 46. a7
{Time forfeit} 1-0

[Event "Rated Blitz game"]
[Site "?"]
[Date "2021.08.21"]
[Round "?"]
[White "naitbfour"]
[Black "Checkerzz68"]
[Result "0-1"]
[ECO "C42"]
[WhiteElo "2246"]
[BlackElo "2422"]
[PlyCount "46"]
[EventDate "2021.??.??"]
[EventType "blitz"]
[TimeControl "180+2"]

1. e4 e5 2. Nf3 Nf6 3. Nxe5 d6 4. Nxf7 Kxf7 5. d4 c6 6. c4 Nxe4 7. Qh5+ g6 8.
Qf3+ Nf6 9. h3 Bg7 10. Nc3 Qe7+ 11. Kd1 Re8 12. Bd3 Kg8 13. Bg5 Qf8 14. Kc2 Na6
15. a3 Nc7 16. Rae1 Ne6 17. Be3 Bd7 18. g4 Rad8 19. Qg3 d5 20. g5 Nh5 21. Qh4
Nef4 22. Bxf4 Nxf4 23. cxd5 cxd5 {Normal} 0-1

[Event "Rated Blitz game"]
[Site "?"]
[Date "2021.08.21"]
[Round "?"]
[White "Suhov549"]
[Black "Huljuttelija"]
[Result "0-1"]
[ECO "C42"]
[WhiteElo "2528"]
[BlackElo "2503"]
[PlyCount "132"]
[EventDate "2021.??.??"]
[EventType "blitz"]
[TimeControl "300"]

1. e4 e5 2. Nf3 Nf6 3. Nxe5 d6 4. Nxf7 Kxf7 5. d4 c5 6. dxc5 d5 7. e5 Ne4 8.
Bc4 Be6 9. O-O Nc6 10. Re1 Bxc5 11. Be3 dxc4 12. Qf3+ Ke8 13. Qxe4 Bxe3 14.
Rxe3 Qd4 15. Qf3 Qg4 16. Qxg4 Bxg4 17. Na3 Be6 18. Nb5 Ke7 19. f4 Rhf8 20. g3
a6 21. Nd6 b5 22. c3 g5 23. fxg5 Nxe5 24. Nxb5 Nf3+ 25. Kg2 axb5 26. h4 Kd6 27.
Rd1+ Bd5 28. Kh3 Ne5 29. a3 Nd3 30. Rd2 Rae8 31. Rxe8 Rxe8 32. h5 Ke5 33. Kh4
Be4 34. Re2 Rf8 35. g6 hxg6 36. hxg6 Nc5 37. g4 Rg8 38. Rd2 Rxg6 39. Rd8 Rh6+
40. Kg3 Rh7 41. Re8+ Kd5 42. Rd8+ Rd7 43. Rb8 Kc6 44. Rc8+ Rc7 45. Re8 Bd3 46.
Rf8 Na4 47. Rf6+ Kd5 48. g5 Nxb2 49. g6 Rg7 50. Kf4 Rxg6 51. Rf8 Kc6 52. Rc8+
Kb6 53. Rb8+ Kc5 54. Rc8+ Rc6 55. Rd8 Na4 56. Re8 Nxc3 57. Re5+ Kb6 58. Ke3 Nb1
59. Kd4 Nxa3 60. Re8 Nc2+ 61. Kc3 b4+ 62. Kd2 Kc5 63. Re5+ Kb6 64. Re8 Na3 65.
Rb8+ Kc5 66. Ra8 Nb5 {Time forfeit} 0-1

[Event "Rated Blitz game"]
[Site "?"]
[Date "2021.08.21"]
[Round "?"]
[White "ovi68"]
[Black "AlbertoCK"]
[Result "1-0"]
[ECO "C42"]
[WhiteElo "2228"]
[BlackElo "2403"]
[PlyCount "53"]
[EventDate "2021.??.??"]
[EventType "blitz"]
[TimeControl "300"]

1. e4 e5 2. Nf3 Nf6 3. Nxe5 d6 4. Nxf7 Kxf7 5. Bc4+ Be6 6. Bxe6+ Kxe6 7. d4 c5
8. O-O Qb6 9. e5 dxe5 10. dxe5 Nd5 11. Qg4+ Kf7 12. c4 Nc7 13. Nc3 Qe6 14. Qf3+
Ke8 15. Qxb7 Nba6 16. Nb5 Qb6 17. Qe4 Rd8 18. Bg5 Nxb5 19. Bxd8 Qxd8 20. cxb5
Nc7 21. Rfd1 Qe7 22. Qc6+ Kf7 23. Rd7 Ne6 24. Rxe7+ Bxe7 25. Qf3+ Kg6 26. Qe4+
Kf7 27. Qf5+ {Normal} 1-0

[Event "Rated Blitz game"]
[Site "?"]
[Date "2021.08.21"]
[Round "?"]
[White "wallie666"]
[Black "Mikheev-76"]
[Result "0-1"]
[ECO "C42"]
[WhiteElo "2543"]
[BlackElo "2458"]
[PlyCount "54"]
[EventDate "2021.??.??"]
[EventType "blitz"]
[TimeControl "180"]

1. e4 e5 2. Nf3 Nf6 3. Nxe5 d6 4. Nxf7 Kxf7 5. d4 c5 6. dxc5 Nc6 7. Nc3 Be7 8.
Bc4+ Be6 9. Bxe6+ Kxe6 10. O-O Rf8 11. f4 dxc5 12. Qe1 Nd4 13. f5+ Kf7 14. e5
Nxc2 15. Qe2 Qd4+ 16. Kh1 Nxa1 17. exf6 Qxf6 18. Bg5 Qd6 19. Rd1 Qxd1+ 20. Nxd1
Rfe8 21. Qc4+ Kf8 22. Be3 Rad8 23. Qc1 Bg5 24. h4 Rxd1+ 25. Qxd1 Bxe3 26. Qxa1
Bf2 27. Kh2 Re1 {Normal} 0-1

[Event "Rated Blitz game"]
[Site "?"]
[Date "2021.08.20"]
[Round "?"]
[White "mared2"]
[Black "Krimouo"]
[Result "1-0"]
[ECO "C42"]
[WhiteElo "2445"]
[BlackElo "2216"]
[PlyCount "53"]
[EventDate "2021.??.??"]
[EventType "blitz"]
[TimeControl "180+2"]

1. e4 e5 2. Nf3 Nf6 3. Nxe5 d6 4. Nxf7 Kxf7 5. d4 Be7 6. Nc3 Re8 7. Bc4+ Kf8 8.
f4 Nxe4 9. Qh5 Bh4+ 10. Kd1 Nxc3+ 11. bxc3 Be6 12. Bxe6 Rxe6 13. Qxh7 Nd7 14.
Bd2 Bf6 15. g4 Qe8 16. g5 Bd8 17. f5 Re4 18. f6 gxf6 19. gxf6 Qf7 20. Bh6+ Ke8
21. Qxe4+ Be7 22. fxe7 Qh5+ 23. Qe2 Qxh6 24. Rg1 Nf6 25. Qe6 Qxh2 26. Rf1 Qh3
27. Qxh3 {Normal} 1-0

[Event "Rated Blitz game"]
[Site "?"]
[Date "2021.08.20"]
[Round "?"]
[White "ERjungle49"]
[Black "edrom"]
[Result "1-0"]
[ECO "C42"]
[WhiteElo "2562"]
[BlackElo "2425"]
[PlyCount "95"]
[EventDate "2021.??.??"]
[EventType "blitz"]
[TimeControl "300"]

1. e4 e5 2. Nf3 Nf6 3. Nxe5 d6 4. Nxf7 Kxf7 5. Nc3 Be6 6. d4 Be7 7. f4 Bg4 8.
Qd3 Re8 9. h3 Nxe4 10. Nxe4 Bh4+ 11. Kd2 Bf5 12. Nxd6+ Qxd6 13. Qxf5+ Kg8 14.
Bc4+ Kh8 15. c3 Rf8 16. Qe4 Nc6 17. Bd3 g6 18. Kc2 Rae8 19. Qf3 Na5 20. g3 Bf6
21. Be3 Nc6 22. Rae1 a5 23. Bf2 a4 24. h4 Rd8 25. h5 g5 26. Be3 h6 27. Qe4 Qd7
28. fxg5 hxg5 29. Ref1 Ne7 30. Bd2 Ng8 31. h6 Qf7 32. h7 Ne7 33. Bxg5 Nd5 34.
Bxf6+ Nxf6 35. Qf5 Rde8 36. g4 Qg7 37. g5 Nd7 38. Qd5 a3 39. g6 Nf6 40. Qg5
axb2 41. Kxb2 Qe7 42. Re1 Qg7 43. Rxe8 Rxe8 44. Rf1 Re6 45. Qf5 Rb6+ 46. Ka1
Qe7 47. Qc8+ Ne8 48. g7+ {Time forfeit} 1-0

[Event "Rated Blitz game"]
[Site "?"]
[Date "2021.08.20"]
[Round "?"]
[White "JosueChess-Youtube"]
[Black "darthpetrov2000"]
[Result "0-1"]
[ECO "C42"]
[WhiteElo "2597"]
[BlackElo "2602"]
[PlyCount "42"]
[EventDate "2021.??.??"]
[EventType "blitz"]
[TimeControl "180"]

1. e4 e5 2. Nf3 Nf6 3. Nxe5 d6 4. Nxf7 Kxf7 5. d4 c5 6. Nc3 cxd4 7. Qxd4 Be6 8.
Bc4 Qc8 9. Bxe6+ Qxe6 10. O-O Nc6 11. Qd3 Be7 12. f4 Rhf8 13. f5 Qd7 14. Qc4+
Ke8 15. Bf4 Rc8 16. Qe2 Ne5 17. Rad1 Qc6 18. Kh1 Kf7 19. Nd5 Nxd5 20. Rxd5 Qxc2
21. Rd2 Qc4 {Normal} 0-1

[Event "Rated Blitz game"]
[Site "?"]
[Date "2021.08.19"]
[Round "?"]
[White "bojdulko"]
[Black "DeepQChess"]
[Result "0-1"]
[ECO "C42"]
[WhiteElo "2332"]
[BlackElo "2418"]
[PlyCount "96"]
[EventDate "2021.??.??"]
[EventType "blitz"]
[TimeControl "180"]

1. e4 e5 2. Nf3 Nf6 3. Nxe5 d6 4. Nxf7 Kxf7 5. Bc4+ Be6 6. Bxe6+ Kxe6 7. O-O
Kf7 8. d4 Kg8 9. Qe2 h6 10. f4 Nc6 11. c3 Qd7 12. Nd2 Re8 13. e5 Nd5 14. Ne4
Nde7 15. Be3 b6 16. Rad1 d5 17. Nd2 h5 18. Kh1 g6 19. Nf3 Nf5 20. Ng5 Bh6 21.
Bc1 Bxg5 22. fxg5 Kh7 23. Qd3 Rhf8 24. Rf2 Nce7 25. Rdf1 c5 26. h3 h4 27. Kh2
cxd4 28. cxd4 Qa4 29. b3 Qc6 30. Bb2 Qe6 31. Rf3 Rc8 32. R3f2 Rc6 33. Rc2 Rfc8
34. Rfc1 Rxc2 35. Rxc2 Rxc2 36. Qxc2 Qc6 37. Qd3 b5 38. Ba3 a5 39. Bc5 b4 40.
Qe2 Qe6 41. Qd3 Ng3 42. Qb5 Ngf5 43. Qb6 Qxb6 44. Bxb6 Nc6 45. e6 Kg7 46. g4
hxg3+ 47. Kg2 Kf8 48. Kf3 Ke7 {Normal} 0-1

[Event "Rated Blitz game"]
[Site "?"]
[Date "2021.08.19"]
[Round "?"]
[White "ERjungle49"]
[Black "mani_nervos"]
[Result "1-0"]
[ECO "C42"]
[WhiteElo "2539"]
[BlackElo "2446"]
[PlyCount "67"]
[EventDate "2021.??.??"]
[EventType "blitz"]
[TimeControl "300"]

1. e4 e5 2. Nf3 Nf6 3. Nxe5 d6 4. Nxf7 Kxf7 5. Nc3 g6 6. Bc4+ Kg7 7. Bb3 Nc6 8.
d4 Na5 9. O-O Nxb3 10. axb3 Be7 11. f4 Rf8 12. Qd3 a6 13. h3 Bd7 14. Be3 b5 15.
d5 b4 16. Ne2 Bb5 17. Qd1 Nxe4 18. Nd4 Bf6 19. Ne6+ Kg8 20. Nxd8 Raxd8 21. Re1
Bxb2 22. Bd4 Nc3 23. Bxc3 Bxc3 24. Re7 Rf7 25. Rxf7 Kxf7 26. Rb1 Re8 27. Qg4
Re2 28. f5 Rxc2 29. fxg6+ hxg6 30. h4 Re2 31. Rf1+ Kg7 32. h5 Bd3 33. hxg6 Re7
34. Rf7+ {Normal} 1-0

[Event "Rated Blitz game"]
[Site "?"]
[Date "2021.08.19"]
[Round "?"]
[White "MXP"]
[Black "Jakob19"]
[Result "1/2-1/2"]
[ECO "C42"]
[WhiteElo "2549"]
[BlackElo "2588"]
[PlyCount "56"]
[EventDate "2021.??.??"]
[EventType "blitz"]
[TimeControl "180"]

1. e4 e5 2. Nf3 Nf6 3. Nxe5 d6 4. Nxf7 Kxf7 5. Nc3 c5 6. Bc4+ Be6 7. Bxe6+ Kxe6
8. O-O Kf7 9. d4 cxd4 10. Qxd4 Qe8 11. f4 Nc6 12. Qc4+ Qe6 13. Qb5 Be7 14. f5
Qe5 15. Qxb7 Qc5+ 16. Kh1 Rab8 17. Qa6 Ng4 18. h3 Nf2+ 19. Kh2 Bf6 20. Bf4 Be5
21. Bxe5 Qxe5+ 22. Kg1 Nxh3+ 23. gxh3 Qg3+ 24. Kh1 Qxh3+ 25. Kg1 Qg3+ 26. Kh1
Qh3+ 27. Kg1 Qg3+ 28. Kh1 Qh3+ {Normal} 1/2-1/2

[Event "Rated Blitz game"]
[Site "?"]
[Date "2021.08.19"]
[Round "?"]
[White "MarceloPlaya"]
[Black "Ookkii6"]
[Result "1-0"]
[ECO "C42"]
[WhiteElo "2435"]
[BlackElo "2390"]
[PlyCount "131"]
[EventDate "2021.??.??"]
[EventType "blitz"]
[TimeControl "180+2"]

1. e4 e5 2. Nf3 Nf6 3. Nxe5 d6 4. Nxf7 Kxf7 5. Nc3 Be6 6. d4 Kg8 7. Bd3 Nbd7 8.
O-O c5 9. d5 Bf7 10. f4 h5 11. Kh1 h4 12. Be3 a6 13. a4 Rc8 14. b3 Be7 15. Qd2
h3 16. g3 Ng4 17. Bg1 Bf6 18. Rae1 Qa5 19. Nb1 Qxd2 20. Nxd2 Bc3 21. Rd1 Bxd2
22. Rxd2 Ndf6 23. c4 Bg6 24. Re2 Re8 25. Rfe1 Kh7 26. Bb1 Rhf8 27. e5 dxe5 28.
Bxg6+ Kxg6 29. Bxc5 exf4 30. Bxf8 Rxf8 31. gxf4 Nh5 32. Re6+ Kf5 33. R6e5+ Nxe5
34. fxe5 Nf4 35. e6 Re8 36. Kg1 Kf6 37. Re3 g5 38. Kf2 Ke7 39. Kg3 Kd6 40. Kg4
Ng2 41. Re4 Nf4 42. Kxg5 Ng2 43. Kg4 Rg8+ 44. Kxh3 b6 45. e7 Nf4+ 46. Rxf4 Kxe7
47. Re4+ Kd6 48. Re6+ Kc7 49. Rc6+ Kb7 50. b4 Rg1 51. b5 axb5 52. axb5 Rg7 53.
d6 Rh7+ 54. Kg3 Rg7+ 55. Kf4 Rg1 56. h4 Rf1+ 57. Kg5 Rg1+ 58. Kh6 Rg8 59. h5
Rh8+ 60. Kg6 Rg8+ 61. Kf6 Rh8 62. Kg5 Rg8+ 63. Kh4 Rh8 64. d7 Rd8 65. Rd6 Kc7
66. Rd5 {Normal} 1-0

[Event "Rated Blitz game"]
[Site "?"]
[Date "2021.08.19"]
[Round "?"]
[White "harence342"]
[Black "miiran"]
[Result "1-0"]
[ECO "C42"]
[WhiteElo "2427"]
[BlackElo "2520"]
[PlyCount "97"]
[EventDate "2021.??.??"]
[EventType "blitz"]
[TimeControl "180"]

1. e4 e5 2. Nf3 Nf6 3. Nxe5 d6 4. Nxf7 Kxf7 5. Bc4+ Be6 6. Bxe6+ Kxe6 7. O-O
Kd7 8. d4 Qe8 9. e5 Ng8 10. f4 c6 11. c4 Kc7 12. Nc3 Nd7 13. b4 dxe5 14. fxe5
Bxb4 15. Na4 Rd8 16. Qb3 Bf8 17. Rb1 b6 18. c5 b5 19. d5 Nxc5 20. d6+ Kb8 21.
Nxc5 Qxe5 22. Rxf8 Qxc5+ 23. Be3 Qxd6 24. Bf4 Qxf4 25. Rxf4 Nf6 26. Rxf6 gxf6
27. Qg3+ Kb7 28. a4 a6 29. axb5 axb5 30. Qg7+ Kb6 31. Qxf6 Rhf8 32. Qe7 Ra8 33.
Rc1 Rfc8 34. Qxh7 b4 35. Qg6 Ra5 36. Qe6 Rc7 37. Rb1 Rb5 38. Rb3 Ka5 39. h4 c5
40. Qd6 Rbb7 41. Qd2 c4 42. Qa2+ Kb5 43. Rf3 b3 44. Rf5+ Kc6 45. Qa4+ Kd6 46.
Qa3+ Ke6 47. Rf2 c3 48. Qa6+ Ke7 49. Re2+ {Time forfeit} 1-0

[Event "Rated Blitz game"]
[Site "?"]
[Date "2021.08.19"]
[Round "?"]
[White "NguyenDucHoa"]
[Black "Italiangangster"]
[Result "0-1"]
[ECO "C42"]
[WhiteElo "2645"]
[BlackElo "2618"]
[PlyCount "72"]
[EventDate "2021.??.??"]
[EventType "blitz"]
[TimeControl "180"]

1. e4 e5 2. Nf3 Nf6 3. Nxe5 d6 4. Nxf7 Kxf7 5. Bc4+ Be6 6. Bxe6+ Kxe6 7. d4 Kf7
8. Nc3 c5 9. dxc5 Nc6 10. cxd6 Qxd6 11. Qe2 Re8 12. O-O Qe6 13. Re1 Bb4 14. f3
Bxc3 15. bxc3 Rd8 16. Bf4 Rd7 17. h3 Rhd8 18. Rab1 Kg8 19. a4 b6 20. Kh1 Na5
21. Be3 Qc4 22. Qxc4+ Nxc4 23. Bd4 Nh5 24. Kg1 Nf4 25. Kf2 Ne6 26. Rb4 Nxd4 27.
cxd4 Rxd4 28. c3 Rd2+ 29. Kg3 Ne5 30. Rb5 Nd3 31. Re3 Nc5 32. a5 R8d6 33. e5
Rg6+ 34. Kf4 Rdxg2 35. axb6 axb6 36. h4 Rh2 {Normal} 0-1

[Event "Rated Blitz game"]
[Site "?"]
[Date "2021.08.18"]
[Round "?"]
[White "mared2"]
[Black "sacrificial64"]
[Result "1-0"]
[ECO "C42"]
[WhiteElo "2444"]
[BlackElo "2381"]
[PlyCount "113"]
[EventDate "2021.??.??"]
[EventType "blitz"]
[TimeControl "180"]

1. e4 e5 2. Nf3 Nf6 3. Nxe5 d6 4. Nxf7 Kxf7 5. d4 Be7 6. Nc3 Re8 7. Bc4+ Be6 8.
Bxe6+ Kxe6 9. f4 Kf7 10. e5 dxe5 11. fxe5 Kg8 12. O-O Nd5 13. Qf3 Nxc3 14. Qxc3
Nc6 15. Be3 Qd5 16. Qb3 Qxb3 17. axb3 Rad8 18. c3 a6 19. Rad1 Rf8 20. Rfe1 h6
21. Bf2 Na5 22. b4 Nc4 23. b3 Nb6 24. Rd3 Nd5 25. g3 c6 26. Kg2 Nxc3 27. Rxc3
Bxb4 28. Rcc1 Bxe1 29. Rxe1 Rd5 30. Rd1 Rfd8 31. Rc1 Rxd4 32. Bxd4 Rxd4 33. Re1
Kf7 34. Re3 Ke6 35. Kf3 Rd5 36. Kf4 g5+ 37. Kg4 Rxe5 38. Rf3 Re2 39. h3 Rh2 40.
Rf8 Kd5 41. Rh8 b5 42. Rxh6 c5 43. Rg6 c4 44. Rxg5+ Kd4 45. bxc4 bxc4 46. Ra5
c3 47. Rxa6 c2 48. Rc6 Ke5 49. h4 Kd5 50. Rc8 Rd2 51. Kg5 Rd4 52. Rxc2 Ke6 53.
Rf2 Rd3 54. g4 Rd5+ 55. Rf5 Rd4 56. h5 Rd1 57. h6 {Normal} 1-0

[Event "Rated Rapid game"]
[Site "?"]
[Date "2021.08.18"]
[Round "?"]
[White "sasamike"]
[Black "compte_galere"]
[Result "0-1"]
[ECO "C42"]
[WhiteElo "2362"]
[BlackElo "2498"]
[PlyCount "132"]
[EventDate "2021.??.??"]
[EventType "rapid"]
[TimeControl "600"]

1. e4 e5 2. Nf3 Nf6 3. Nxe5 d6 4. Nxf7 Kxf7 5. d4 c5 6. Bc4+ Be6 7. Bxe6+ Kxe6
8. dxc5 d5 9. Nc3 Bxc5 10. exd5+ Nxd5 11. Qg4+ Kf7 12. Qf3+ Nf6 13. O-O Nc6 14.
Bg5 Be7 15. Rad1 Qc8 16. Rfe1 Re8 17. Nd5 Qg4 18. Qxg4 Nxg4 19. Nxe7 Nxe7 20.
Rd7 Nf6 21. Rxb7 Rab8 22. Rxb8 Rxb8 23. Bxf6 Kxf6 24. b3 Nf5 25. Rd1 Rc8 26. c4
Rc6 27. Kf1 Rd6 28. Rxd6+ Nxd6 29. f3 Ke5 30. Ke2 Kd4 31. Kd2 Nf5 32. g3 Ne3
33. Ke2 Nc2 34. f4 Nb4 35. a3 Nc2 36. a4 Nb4 37. Kf3 Nd3 38. g4 Nc1 39. b4 Kxc4
40. b5 Kb4 41. Ke4 Kxa4 42. f5 Kxb5 43. g5 Kc6 44. h4 Kd6 45. h5 a5 46. f6 g6
47. hxg6 hxg6 48. Kd4 Ke6 49. Kc4 Ne2 50. Kb5 Nf4 51. Kxa5 Nh3 52. Kb4 Nxg5 53.
Kc4 Kxf6 54. Kd3 Kf5 55. Ke2 Kg4 56. Kf1 Kg3 57. Kg1 Nf3+ 58. Kh1 Nd4 59. Kg1
g5 60. Kh1 g4 61. Kg1 Kf3 62. Kh1 g3 63. Kg1 Ne2+ 64. Kh1 g2+ 65. Kh2 g1=Q+ 66.
Kh3 Qg3# {Normal} 0-1

[Event "Rated Blitz game"]
[Site "?"]
[Date "2021.08.18"]
[Round "?"]
[White "blackbishop79"]
[Black "Jadenyuki2811"]
[Result "0-1"]
[ECO "C42"]
[WhiteElo "2373"]
[BlackElo "2407"]
[PlyCount "56"]
[EventDate "2021.??.??"]
[EventType "blitz"]
[TimeControl "180"]

1. e4 e5 2. Nf3 Nf6 3. Nxe5 d6 4. Nxf7 Kxf7 5. d4 Be7 6. Bd3 Rf8 7. f4 Kg8 8.
O-O Nc6 9. c3 d5 10. e5 Ne4 11. Nd2 Nxd2 12. Bxd2 Bf5 13. Bxf5 Rxf5 14. g4 Rf8
15. f5 Bg5 16. Be1 Be3+ 17. Kh1 Qg5 18. Qf3 Rad8 19. h4 Qh6 20. Kg2 Bxd4 21.
cxd4 Nxd4 22. Qd3 Nc6 23. Kg3 Nxe5 24. Qd2 Qa6 25. Bf2 Nxg4 26. Kxg4 Rxf5 27.
Kxf5 Qg6+ 28. Ke5 Qe4# {Normal} 0-1

[Event "Rated Blitz game"]
[Site "?"]
[Date "2021.08.17"]
[Round "?"]
[White "PhilippeS"]
[Black "SNOEBE"]
[Result "0-1"]
[ECO "C42"]
[WhiteElo "2481"]
[BlackElo "2537"]
[PlyCount "78"]
[EventDate "2021.??.??"]
[EventType "blitz"]
[TimeControl "300"]

1. e4 e5 2. Nf3 Nf6 3. Nxe5 d6 4. Nxf7 Kxf7 5. Nc3 c5 6. Bc4+ Be6 7. Bxe6+ Kxe6
8. d4 cxd4 9. Qxd4 Nc6 10. Qc4+ Kd7 11. Bf4 Qa5 12. O-O-O Re8 13. Qf7+ Kc8 14.
Bxd6 Bxd6 15. Rxd6 Qc7 16. Qxc7+ Kxc7 17. Rhd1 Nxe4 18. Nxe4 Rxe4 19. Rd7+ Kb6
20. Rxg7 Re2 21. f3 h5 22. Rdd7 Rb8 23. a3 a5 24. h4 Ne5 25. Rde7 Rd8 26. Rxb7+
Kc5 27. Rgc7+ Nc6 28. b4+ axb4 29. axb4+ Kd5 30. c4+ Kd6 31. c5+ Kd5 32. b5 Na5
33. Rd7+ Rxd7 34. Rxd7+ Kxc5 35. Rh7 Rxg2 36. Rxh5+ Kb6 37. Rf5 Nc4 38. h5 Rg1+
39. Kc2 Ne3+ {Normal} 0-1

[Event "Rated Blitz game"]
[Site "?"]
[Date "2021.08.17"]
[Round "?"]
[White "Xanax_2mg"]
[Black "aeminovsensey1"]
[Result "1-0"]
[ECO "C42"]
[WhiteElo "2441"]
[BlackElo "2434"]
[PlyCount "57"]
[EventDate "2021.??.??"]
[EventType "blitz"]
[TimeControl "180"]

1. e4 e5 2. Nf3 Nf6 3. Nxe5 d6 4. Nxf7 Kxf7 5. Bc4+ Be6 6. Bxe6+ Kxe6 7. d4 Kf7
8. O-O Kg8 9. c3 h6 10. Qb3+ Kh7 11. Qxb7 Nbd7 12. Nd2 g6 13. f4 Bg7 14. e5 Ne8
15. f5 gxf5 16. Rxf5 Rf8 17. Qe4 Rxf5 18. Qxf5+ Kh8 19. Ne4 dxe5 20. dxe5 Nxe5
21. Bxh6 Bxh6 22. Qxe5+ Bg7 23. Qh5+ Kg8 24. Rf1 Nd6 25. Ng5 Qf6 26. Qh7+ Kf8
27. Rxf6+ Bxf6 28. Ne6+ Ke8 29. Nxc7+ {Normal} 1-0

[Event "Rated Blitz game"]
[Site "?"]
[Date "2021.08.16"]
[Round "?"]
[White "Proteuo"]
[Black "Prayer791"]
[Result "0-1"]
[ECO "C42"]
[WhiteElo "2540"]
[BlackElo "2577"]
[PlyCount "86"]
[EventDate "2021.??.??"]
[EventType "blitz"]
[TimeControl "180"]

1. e4 e5 2. Nf3 Nf6 3. Nxe5 d6 4. Nxf7 Kxf7 5. Nc3 Be6 6. d4 g6 7. f4 Bg7 8. e5
dxe5 9. fxe5 Nd5 10. Qf3+ Ke8 11. Bc4 Rf8 12. Qe2 Qh4+ 13. g3 Qxd4 14. Bxd5
Bxd5 15. Be3 Qxe5 16. Nxd5 Qxd5 17. Bc5+ Qe5 18. Bxf8 Qxe2+ 19. Kxe2 Bxf8 20.
Rad1 Bd6 21. Rhf1 Nc6 22. Rd3 Rd8 23. a3 Rd7 24. c4 a5 25. Rff3 Ne5 26. Rfe3
Re7 27. Re4 Nxc4 28. Rxe7+ Kxe7 29. Rb3 b6 30. Kd3 Ne5+ 31. Ke4 Ke6 32. Re3 a4
33. Re2 b5 34. Kd4 c5+ 35. Kc3 Be7 36. b3 axb3 37. Kxb3 c4+ 38. Kb2 Kd5 39.
Rd2+ Nd3+ 40. Ka2 Bf6 41. Re2 Be5 42. Rc2 Kd4 43. Re2 Nc1+ {Normal} 0-1

[Event "Rated Blitz game"]
[Site "?"]
[Date "2021.08.16"]
[Round "?"]
[White "MarceloPlaya"]
[Black "pabloin"]
[Result "1-0"]
[ECO "C42"]
[WhiteElo "2436"]
[BlackElo "2393"]
[PlyCount "47"]
[EventDate "2021.??.??"]
[EventType "blitz"]
[TimeControl "180+2"]

1. e4 e5 2. Nf3 Nf6 3. Nxe5 d6 4. Nxf7 Kxf7 5. Nc3 Be7 6. Bc4+ Be6 7. Bxe6+
Kxe6 8. O-O Nc6 9. d4 Kd7 10. e5 Ng8 11. Qg4+ Ke8 12. Qxg7 Bf6 13. exf6 Qxf6
14. Qxf6 Nxf6 15. d5 Nd4 16. Bg5 Kf7 17. Bxf6 Kxf6 18. Rac1 Rhg8 19. f3 Rae8
20. Kf2 b5 21. Ne4+ Ke5 22. Rfd1 Kxd5 23. c3 Rxe4 24. fxe4+ {Normal} 1-0